 Dungeon Crawl Stone Soup version 0.32-a0-981-g384da2ce10 (webtiles) character file.

Game seed: 16900772896585860012

196 elagabalus the Cudgeller (level 5, 0/42 HPs)
             Began as an Armataur Fighter on Apr 20, 2024.
             Was an Initiate of Okawaru.
             Slain by a gnoll
             ... wielding a +0 spear
             ... led by a gnoll bouda
              (2 damage)
             ... on level 4 of the Dungeon.
             The game lasted 00:13:04 (2062 turns).

elagabalus the Cudgeller (Armataur Fighter)         Turns: 2062, Time: 00:13:04

Health: 0/42       AC:  6    Str: 24    XL:     5   Next: 45%
Magic:  5/5        EV:  3    Int:  8    God:    Okawaru [......]
Gold:   155        SH:  0    Dex:  9    Spells: 4/4 levels left

rFire   . . .        a - +0 flail
rCold   . . .        c - +0 buckler
rNeg    . . .        b - +0 scale mail
rPois   .            p - +0 hat
rElec   .            (no cloak)
rCorr   .            (no gloves)
SInv    .            (no barding)
Will    .....        (no amulet) Stlth
                     (no ring)
HPRegen 0.27/turn    (no ring)
MPRegen 0.09/turn

%: roll
@: weakened, held
A: large, deformed body, tough skin 3, armoured tail, rollpage 1
a: Renounce Religion


You were on level 4 of the Dungeon.
You worshipped Okawaru.
Okawaru was noncommittal.
You visited 2 branches of the dungeon, and saw 5 of its levels.

You collected 155 gold pieces.

Inventory:

Hand Weapons
 a - a +0 flail (weapon)
Armour
 b - a +0 scale mail (worn)
 c - a +0 buckler (worn)
 p - a +0 hat (worn)
Scrolls
 f - a scroll of enchant armour {unknown}
 j - a scroll of immolation {unknown}
 k - a scroll of poison {unknown}
 m - a scroll of vulnerability {unknown}
 q - a scroll of fog {unknown}
Potions
 d - a potion of might
 e - a potion of brilliance
 g - a potion of berserk rage
 h - a potion of heal wounds
 i - a potion of magic
 l - 3 potions of resistance {unknown}
 n - a potion of curing
 o - a potion of haste {unknown}


   Skills:
 - Level 2.6 Fighting
 * Level 5.2 Maces & Flails
 - Level 3.6 Armour
 - Level 3.2 Shields


You had 4 spell levels left.
You didn't know any spells.
Your spell library contained the following spells:

 Spells                   Type           Power      Damage    Failure   Level
 Fugue of the Fallen      Necr           0%         N/A       98%         3
 Ozocubu's Armour         Ice            0%         N/A       98%         3
 Manifold Assault         Tloc           0%         N/A       100%        7
 Summon Ice Beast         Ice/Summ       Unusable   N/A       N/A         3
 Summon Mana Viper        Hex/Summ       Unusable   N/A       N/A         5
 Monstrous Menagerie      Summ           Unusable   N/A       N/A         7

Dungeon Overview and Level Annotations

Branches:
Dungeon (4/15)             Temple (1/1) D:4

Altars:
Ashenzari
Cheibriados
Dithmenos
Gozag
Kikubaaqudgha
Makhleb
Nemelex Xobeh
Okawaru
Ru
Sif Muna
Trog
Uskayaw
Vehumet
Wu Jian
Yredelemnul
Zin
The Shining One


Innate Abilities, Weirdness & Mutations

Armour fits poorly on your strangely shaped body.
You have extremely tough skin. (AC +3)
You have a long armoured tail.
You regenerate magic when rolling toward enemies. (Rampage MPRegen)


Message History

The gnoll is heavily wounded.
The gnoll bouda gazes fiercely through you!
You feel your attacks grow feeble.
The gnoll hits you from afar with a +0 spear.
The gnoll hits you with a +0 flail.
The gnoll hits you from afar with a +0 spear.
You barely miss the gnoll.
The gnoll is moderately wounded.
The gnoll bouda gazes fiercely through you!
You feel as though you will be weak longer.
The gnoll hits you from afar with a +0 spear!
You block the gnoll's attack. The gnoll hits you with a +0 flail.
You closely miss the gnoll.
The gnoll is moderately wounded.
The gnoll hits you from afar with a +0 spear!
The gnoll hits you but does no damage. The gnoll hits you with a +0 flail.
* * * LOW HITPOINT WARNING * * *
The gnoll hits you from afar with a +0 spear.
* * * LOW HITPOINT WARNING * * *
The gnoll barely misses you.
You thump the gnoll!
You kill the gnoll!
Okawaru accepts your kill. The gnoll hits you but does no damage.
The gnoll bouda gazes fiercely through you!
You feel as though you will be weak longer.
The gnoll bouda hits you with a +0 whip.
* * * LOW HITPOINT WARNING * * *
Things that are here:
a +0 flail; a gnoll corpse The gnoll attacks as it pursues you!
The gnoll hits you from afar with a +0 spear.
* * * LOW HITPOINT WARNING * * *
The gnoll attacks as it pursues you!
The gnoll hits you from afar with a +0 spear.
* * * LOW HITPOINT WARNING * * *
The gnoll throws a throwing net.
The throwing net hits you.
You become entangled in the net!
The gnoll hits you from afar with a +0 spear.
You die...

#......# #......# #######
#.....^# ....... #####......+
.......##..........#
.......gg).......#
.......##..g.....####
.......##.g.........#
.....g.+....@#'#.##.##### .
.......#######..........##. .
.......'...†.................
≈≈.....#########.##.....##...
#≈..... #.##.##..##... +
..#...........
.#...#.....#..# #.#..##.....#
.. #...##..#.#..##.


You could see a gnoll bouda and 3 gnolls.

Vanquished Creatures
  A scorpion (D:4)
  An iguana (D:4)
  A gnoll (D:4)
  5 adders
  2 dart slugs
  4 ball pythons
  6 bats
  4 endoplasms
  4 giant cockroaches
  6 goblins
  7 hobgoblins
  5 quokkas
  3 frilled lizards
  A kobold (D:2)
  2 rats
52 creatures vanquished.

Notes
Turn   | Place    | Note
-------+----------+-------------------------------------------
     0 | D:1      | elagabalus the Armataur Fighter began the quest for the
                  | Orb.
     0 | D:1      | Reached XP level 1. HP: 18/18 MP: 1/1
    31 | D:1      | Reached skill level 2 in Maces & Flails
   295 | D:1      | Reached XP level 2. HP: 21/25 MP: 2/2
   650 | D:1      | Reached skill level 3 in Maces & Flails
   756 | D:2      | You fall into a shaft and drop 1 floor!
   846 | D:3      | Reached XP level 3. HP: 30/30 MP: 3/3
  1630 | D:3      | Reached XP level 4. HP: 32/37 MP: 4/4
  1666 | D:3      | Reached skill level 4 in Maces & Flails
  1951 | D:4      | Found a staircase to the Ecumenical Temple.
  1962 | Temple   | Entered the Ecumenical Temple
  1982 | Temple   | Became a worshipper of Warmaster Okawaru
  2033 | D:4      | Noticed a scorpion
  2039 | D:4      | Killed a scorpion
  2040 | D:4      | Reached skill level 5 in Maces & Flails
  2040 | D:4      | Reached XP level 5. HP: 37/42 MP: 5/5
  2060 | D:4      | HP: 2/42 [gnoll/+0 spear[a gnoll bouda] (1)]
  2062 | D:4      | Slain by a gnoll

Illustrated notes

Levels and vault maps discovered:
D:1:      dpeg_arrival_arbitrary_c, layout_loops_corners, feat_on_display
D:2:      layout_rooms
D:3:      layout_loops_ring
D:4:      layout_basic, minmay_temple_entry_waves, lightli_minifort
Temple:   nicolae_temple_bog_church

Skill      XL: |  1  2  3  4 |
---------------+-------------+-----
Maces & Flails | 2 3 5 |  5.2
Fighting       | |  2.6
Armour         | |  3.6
Shields        | |  3.2

Action                     |  1- 3 |  4- 6 || total
---------------------------+-------+-------++-------
  Melee: Flail             |    92 |    45 ||   137
         Tailslap          |    10 |     2 ||    12
    Use: Scroll            |     4 |     2 ||     6
 Armour: Scale mail        |    60 |    48 ||   108
  Dodge: Dodged            |    30 |    20 ||    50
  Block: Buckler           |    21 |     9 ||    30

Table legend: (Time is in decaauts)
 A = Elapsed time spent in this place.
 B = Non-inter-level travel time spent in this place.
 C = Inter-level travel time spent in this place.
 D = Time resting spent in this place.
 E = Time spent auto-exploring this place.
 F = Levels seen in this place.
 G = Mean time per level.
                   A        B        C        D        E       F      G
               +--------+--------+--------+--------+--------+-----+--------+
         Total |   2095 |   2095 |      0 |    100 |      0 |   5 |  419.0 |
       Dungeon |   2062 |   2062 |      0 |    100 |      0 |   4 |  515.5 |
        Temple |     32 |     32 |      0 |      0 |      0 |   1 |   32.0 |
               +--------+--------+--------+--------+--------+-----+--------+

Top non-repeatable levels by time:
     D:1: 754 daAuts
     D:3: 598 daAuts
     D:2: 578 daAuts
     D:4: 132 daAuts
  Temple: 32 daAuts
